 Dungeon Crawl Stone Soup version 0.21.0-3-g78d12a8 (webtiles) character file.

41 Dfrag the Firebug (level 3, -1/24 HPs)
             Began as a Demonspawn Fire Elementalist on Jan 11, 2018.
             Slain by Robin
             ... wielding a +0 club
              (5 damage)
             ... on level 1 of the Dungeon.
             The game lasted 00:02:00 (758 turns).

Dfrag the Firebug (Demonspawn Fire Elementalist)     Turns: 758, Time: 00:02:01

Health: -1/24      AC:  4    Str:  8    XL:     3   Next: 32%
Magic:  2/6        EV: 12    Int: 17    God:
Gold:   48         SH:  0    Dex: 13    Spells: 6/7 levels left

rFire    . . .     SeeInvis .   j - +1 dagger (venom)
rCold    . . .     Gourm    .   (no shield)
rNeg     . . .     Faith    .   a - +0 robe
rPois    .         Spirit   .   (no helmet)
rElec    .         Reflect  .   (no cloak)
rCorr    .         Harm     .   (no gloves)
MR       .....                  (no boots)
Stlth    ++........             (no amulet)
HPRegen  0.08/turn              (no ring)
MPRegen  0.10/turn              (no ring)

@: no status effects
A: molten scales 1
a: no special abilities


You were on level 1 of the Dungeon.
You were not hungry.

You visited 1 branch of the dungeon, and saw 2 of its levels.

You collected 48 gold pieces.

Inventory:

Hand Weapons
 f - a +1 dagger of speed
 j - a +1 dagger of venom (weapon)
Armour
 a - a +0 robe (worn)
Scrolls
 g - a scroll of identify {unknown}
 h - a scroll of enchant armour {unknown}
 i - 2 scrolls of fear {unknown}
Potions
 d - 2 potions of lignification {unknown}
 e - a potion of experience {unknown}
Books
 b - a book of Flames

   Spells                             Type                      Level
   a - Flame Tongue                   Conjuration/Fire             1
   b - Throw Flame                    Conjuration/Fire             2
   c - Conjure Flame                  Conjuration/Fire             3
   d - Inner Flame                    Hexes/Fire                   3
   e - Sticky Flame                   Conjuration/Fire             4
   f - Fireball                       Conjuration/Fire             5
Comestibles
 c - 5 rations


   Skills:
 - Level 1.7 Dodging
 - Level 1.7 Stealth
 + Level 2.6 Spellcasting
 + Level 2.0 Conjurations
 + Level 3.1 Fire Magic


You had 6 spell levels left.
You knew the following spells:

 Your Spells              Type           Power        Failure   Level  Hunger
a - Flame Tongue          Conj/Fire      ##...        6%          1    #......


Dungeon Overview and Level Annotations

Branches:
Dungeon (2/15)

Altars:

Annotations:
D:1 Robin


Innate Abilities, Weirdness & Mutations

You are partially covered in molten scales. (AC +2)


Message History

Robin is lightly wounded.
The hobgoblin hits you but does no damage.
Robin zaps a wand.
The puff of flame hits you!
Casting: Flame Tongue
Confirm with . or Enter, or press ? or * to list all spells.
Aiming: Flame Tongue
Press: ? - help, Shift-Dir - straight line, f - hobgoblin
Aim: a hobgoblin (unusually strong)
The flame tongue hits the hobgoblin.
You kill the hobgoblin!
Robin hits you with a club.
* * * LOW HITPOINT WARNING * * *
Unknown command.
Casting: Flame Tongue
Confirm with . or Enter, or press ? or * to list all spells.
Aiming: Flame Tongue
Press: ? - help, Shift-Dir - straight line, f - Robin
Aim: Robin, wielding a club, wearing an animal skin, wearing a helmet and carrying a wand of flame (15) (moderately wounded, poisoned)
The flame tongue misses Robin.
Robin hits you with a club.
You die...

##.#.######......###.#
##..############# #.#
##### ##.##.......# #.#
##...## #.##.......# #.#
......# #.##.......# #.#
......# #..........# #.#
.....[# #..#.......# #.#
##...## #..#.....g.# #.#
##.## #..#....@>)# #.#
#.# #..######### #.# #.#
###..#### #.# #.#
#.......##### #.#
#.###.#..##.#...# #.#
#...........^...#######.#
#####.#####.#...........#
#.......#############
#########


You could see Robin.

Vanquished Creatures
  An ooze (D:1)
  A dart slug (D:1)
  A leopard gecko (D:1)
  2 giant cockroaches (D:1)
  11 goblins
  2 hobgoblins (D:1)
  2 jackals (D:1)
  2 frilled lizards
  5 kobolds
  4 rats (D:1)
31 creatures vanquished.

Notes
Turn   | Place    | Note
-------+----------+-------------------------------------------
     0 | D:1      | Dfrag the Demonspawn Fire Elementalist began the quest for the Orb.
     0 | D:1      | Reached XP level 1. HP: 13/13 MP: 3/3
    87 | D:1      | Gained mutation: You are partially covered in molten scales. (AC +2) [demonic ancestry]
    87 | D:1      | Reached XP level 2. HP: 5/19 MP: 0/5
   238 | D:1      | Reached skill level 3 in Fire Magic
   588 | D:1      | Reached XP level 3. HP: 24/24 MP: 0/6
   700 | D:2      | Noticed Robin
   758 | D:1      | Slain by Robin

Skill      XL: |  1  2  3 |
---------------+----------+-----
Fire Magic     | 3 |  3.1
Conjurations   | 2 |  2.0
Dodging        | |  1.7
Stealth        | |  1.7
Spellcasting   | |  2.6

Action                   || total
-------------------------++-------
Melee: Unarmed           ||    13
       Dagger            ||    40
 Cast: Flame Tongue      ||    31
 Stab: Distracted        ||     1
       Sleeping          ||     1
Armor: Robe              ||    15
Dodge: Dodged            ||    33
